 Dungeon Crawl Stone Soup version 0.28.0 (webtiles) character file.

Game seed: 2751162021685048914

4 Akaron the Sneak (level 1, 0/11 HPs)
             Began as an Octopode Enchanter on Feb 13, 2022.
             Slain by a ball python (1 damage)
             ... on level 1 of the Dungeon.
             The game lasted 00:00:36 (206 turns).

Akaron the Sneak (Octopode Enchanter)                Turns: 206, Time: 00:00:38

Health: 0/11       AC:  1    Str:  7    XL:     1   Next: 60%
Magic:  3/3        EV: 10    Int: 17    God:
Gold:   0          SH:  0    Dex: 12    Spells: 4/4 levels left

rFire   . . .      SeeInvis .   a - +1 dagger
rCold   . . .      Faith    .   (no shield)
rNeg    . . .      Spirit   .   (helmet restricted)
rPois   .          Reflect  .   (no amulet)
rElec   .          Harm     .   (no ring)
rCorr   .          Rampage  .   (no ring)
Will    .....                   (no ring)
Stlth   +++.......              (no ring)
HPRegen 0.03/turn               (no ring)
MPRegen 0.08/turn               (no ring)
                                (no ring)
                                (no ring)

@: constricted
A: almost no armour, amphibious, 8 rings, camouflage 1, gelatinous body 1,
(nimble swimmer 1), tentacles
a: no special abilities


You were on level 1 of the Dungeon.
You visited 1 branch of the dungeon, and saw 1 of its levels.

Inventory:

Hand Weapons
 a - a +1 dagger (weapon)
Potions
 b - a potion of invisibility


   Skills:
 + Level 1.0 Short Blades
 + Level 2.0 Dodging
 + Level 4.1 Stealth
 + Level 2.0 Spellcasting
 + Level 3.1 Hexes


You had 4 spell levels left.
You didn't know any spells.
Your spell library contained the following spells:

 Spells                   Type           Power      Damage    Failure   Level
 Ensorcelled Hibernation  Hex/Ice        14%        N/A       16%         2
 Confusing Touch          Hex            12%        N/A       16%         3
 Tukima's Dance           Hex            12%        N/A       16%         3
 Dazzling Flash           Conj/Hex       14%        N/A       30%         3


Dungeon Overview and Level Annotations

Branches:
Dungeon (1/15)

Altars:


Innate Abilities, Weirdness & Mutations

You cannot wear most types of armour.
You are amphibious.
You can wear up to eight rings at the same time.
Your skin changes colour to match your surroundings (Stealth+).
Your rubbery body absorbs attacks. (AC +1, EV +1)
((You are camouflaged when in or above water. (Stealth+)))
You have tentacles for arms and can constrict up to eight enemies at once.


Message History

The helpless giant cockroach fails to defend itself.
You puncture the giant cockroach!
You kill the giant cockroach!
No target in view!
No target in view!
You open the door.
Found 5 arrows.
There is an open door here.
A frilled lizard comes into view.
A goblin and a ball python come into view.
A ball python comes into view.
A bat and a rat come into view.
The ball python hisses angrily.
The goblin shouts!
The frilled lizard hisses angrily.
Found a stone staircase leading down.
The ball python bites you. The ball python barely misses you.
You barely miss the frilled lizard.
The ball python hisses angrily.
Your grab misses the frilled lizard. The frilled lizard barely misses you.
The ball python bites you. The ball python barely misses you.
You hit the frilled lizard. Your grab misses the frilled lizard.
The frilled lizard is heavily wounded.
The bat closely misses you. The ball python misses you.
The ball python grabs you. The ball python constricts you.
The goblin misses you. The frilled lizard misses you.
You hit the ball python but do no damage.
Your grab misses the ball python. The bat hits you but does no damage.
The ball python misses you. The ball python constricts you.
The goblin barely misses you. The frilled lizard bites you.
* * * LOW HITPOINT WARNING * * *
You are too injured to fight recklessly!
You are too injured to fight recklessly!
Unknown command.
You hit the ball python but do no damage.
You grab the ball python.
You constrict the ball python, but do no damage.
The bat hits you.
* * * LOW HITPOINT WARNING * * *
The ball python bites you.
You die...

#...........########...
+...........'.........#
#...........##........#
#...........##.######.#
#...........##.# ###.#
#..............###..##
#...S.(....##........##
#.....b....######.....#
#.....@g...# ##.##..
#...rlS....# #..#..
#..........# #...#.
+..........# ##..#.
#..........# ##...
#..........# ###..
>..##+##+#### ##.†..
#.. ##..... #....#.


You could see a goblin, a bat, 2 ball pythons, a frilled lizard and a rat.

Vanquished Creatures
  2 giant cockroaches (D:1)
  A hobgoblin (D:1)
3 creatures vanquished.

Notes
Turn   | Place    | Note
-------+----------+-------------------------------------------
     0 | D:1      | Akaron the Octopode Enchanter began the quest for the Orb.
     0 | D:1      | Reached XP level 1. HP: 11/11 MP: 3/3
   206 | D:1      | Slain by a ball python

Illustrated notes

Levels and vault maps discovered:
D:1:      dpeg_arrival_round_c, layout_basic, ebering_ecumenical_altar_mist,
          minmay_tall_x

Action                   || total
-------------------------++-------
Melee: Dagger            ||    14
       Constrict         ||     3
       Tentacles         ||     2
       Punch             ||     1
 Stab: Sleeping          ||     1
Armor: Skin              ||     1
Dodge: Dodged            ||    16
